 Dungeon Crawl Stone Soup version 0.22.0-36-g8e74550d25 (webtiles) character file.

482 Morbidden the Ducker (level 6, 0/53 HPs)
             Began as a Draconian Monk on Aug 25, 2018.
             Succumbed to an adder's poison
             ... on level 4 of the Dungeon.
             The game lasted 00:10:08 (3095 turns).

Morbidden the Ducker (Draconian Monk)               Turns: 3095, Time: 00:10:08

Health: 0/53       AC:  7    Str: 15    XL:     6   Next: 87%
Magic:  12/15      EV:  9    Int: 10    God:
Gold:   74         SH: 10    Dex: 14    Spells: 5/5 levels left

rFire    . . .     SeeInvis .   d - +0 dagger (venom)
rCold    + . .     Gourm    .   t - +0 large shield
rNeg     . . .     Faith    .   (armour unavailable)
rPois    .         Spirit   +   (helmet restricted)
rElec    .         Reflect  .   (no cloak)
rCorr    .         Harm     .   (no gloves)
MR       .....                  m - +0 pair of boots
Stlth    +.........             g - amulet of guardian spirit
HPRegen  0.17/turn              b - ring of magical power
MPRegen  0.14/turn              k - ring of protection from cold

@: lethally poisoned (0 -> -3), heavily drained
A: unfitting armour, cold-blooded, AC +6
a: no special abilities


You were on level 4 of the Dungeon.
You were not hungry.

You visited 1 branch of the dungeon, and saw 4 of its levels.

You collected 119 gold pieces.
You spent 45 gold pieces at shops.

Inventory:

Hand Weapons
 d - a +0 dagger of venom (weapon)
Missiles
 r - 8 javelins (quivered)
Armour
 m - a +0 pair of boots (worn)
 t - a +0 large shield (worn)
Jewellery
 b - a ring of magical power (left hand)
 g - an amulet of guardian spirit (around neck)
 i - an uncursed ring of protection from cold
 k - a ring of protection from cold (right hand)
 u - an uncursed ring of protection from fire {unknown}
Scrolls
 c - 3 scrolls of identify
 e - 3 scrolls of immolation {unknown}
 j - a scroll of amnesia {unknown}
 l - 2 scrolls of remove curse
 n - a scroll of teleportation {unknown}
 o - 2 scrolls of blinking {unknown}
 p - 2 scrolls of enchant weapon {unknown}
 q - a scroll of enchant armour {unknown}
 s - a scroll of magic mapping {unknown}
Potions
 f - a potion of resistance
 v - a potion of agility
Comestibles
 a - 11 rations


   Skills:
 + Level 4.6(2.8) Fighting
 + Level 5.5(3.6) Dodging
 - Level 1.7(0.0) Stealth
 + Level 1.6(0.0) Shields
 + Level 4.4(2.6) Unarmed Combat


You had 5 spell levels left.
You didn't know any spells.
Your spell library was empty.

Dungeon Overview and Level Annotations

Branches:
Dungeon (4/15)
 Temple: D:4-7

Altars:
Okawaru
Qazlal
Yredelemnul

Shops:
D:4 [


Innate Abilities, Weirdness & Mutations

Your plain brown scales are hard. (AC +6)
You cannot fit into any form of body armour.
You are cold-blooded and may be slowed by cold attacks.


Message History

The adder completely misses you.
* * * LOW HITPOINT WARNING * * *
You feel sick.
Unknown command.
The adder bites you but does no damage.
* * * LOW HITPOINT WARNING * * *
You feel sick.
Unknown command.
The adder closely misses you.
* * * LOW HITPOINT WARNING * * *
You feel sick.
You are no longer poisoned.
Okay, then.
The adder bites you but does no damage. The adder bites you.
You are lethally poisoned!
The adder poisons you!
* * * LOW HITPOINT WARNING * * *
You feel sick.
You die...

##....#.# #........##.####.
#.))..#.##8...8##.........#.# #.
#.....#.##.....##.[.......#.# #.
..).....#8.....8#......##.#.####.
........##.....##................
........##8..[8##........#..###.#
........# ##_## #........#..# #.#
.######J#########........#..# #.#
.#....#..#....S.@.)......#..# #..
.#.......#.J.S.####......#..# #..
..###.#.##.###..............###..
..###.#....# ##############......
...)....#### ####### ..#######
♣♣♣♣♣♣ ♣♣♣....♣♣ ♣♣♣♣♣♣
♣♣♣..♣♣♣..♣♣♣♣♣♣♣....♣ ♣♣♣..♣♣♣
♣..........♣♣..


You could see an ooze, an adder and a ball python.

Vanquished Creatures
  Sigmund (D:4)
  7 orc wizards (D:4)
  A hound skeleton (D:4)
  Robin (D:3)
  3 adders
  A worm (D:2)
  A dart slug (D:2)
  4 leopard geckos
  13 orcs
  4 bats
  2 giant cockroaches
  15 goblins
  17 hobgoblins
  2 jackals (D:3)
  8 kobolds
  A quokka (D:4)
  6 frilled lizards
  7 rats
94 creatures vanquished.

Notes
Turn   | Place    | Note
-------+----------+-------------------------------------------
     0 | D:1      | Morbidden the Draconian Monk began the quest for the Orb.
     0 | D:1      | Reached XP level 1. HP: 19/19 MP: 1/1
   427 | D:1      | Reached XP level 2. HP: 26/26 MP: 2/2
   700 | D:1      | Reached skill level 3 in Dodging
   912 | D:2      | Reached XP level 3. HP: 30/33 MP: 3/3
  1145 | D:2      | You fall through a shaft!
  1592 | D:3      | Reached XP level 4. HP: 36/40 MP: 4/4
  1711 | D:3      | Noticed Robin
  1749 | D:3      | Killed Robin
  2172 | D:4      | Found Pecworeh's Armour Shop.
  2179 | D:4      | Bought a +0 large shield for 45 gold pieces
  2254 | D:4      | Reached skill level 4 in Dodging
  2254 | D:4      | Reached XP level 5. HP: 36/46 MP: 5/5
  2597 | D:4      | Found an iron altar of Okawaru.
  2631 | D:4      | Reached XP level 6. HP: 34/53 MP: 6/6
  2880 | D:4      | Found a basalt altar of Yredelemnul.
  2942 | D:4      | Found a stormy altar of Qazlal.
  2951 | D:4      | Noticed Sigmund
  2991 | D:4      | Killed Sigmund
  2991 | D:4      | Reached skill level 5 in Dodging
  2991 | D:4      | Reached skill level 1 in Shields
  3073 | D:4      | HP: 2/53 [adder (1)]
  3081 | D:4      | HP: 1/53 [poisoned by an adder]
  3093 | D:4      | HP: 1/53 [poisoned by an adder]
  3095 | D:4      | Succumbed to an adder's poison

Skill      XL: |  1  2  3  4  5  6 |
---------------+-------------------+-----
Dodging        | 3 4 5 |  5.5
Fighting       | 4 |  4.6
Unarmed Combat | 4 |  4.4
Shields        | 1 |  1.6
Stealth        | |  1.7

Action                   |  1- 3 |  4- 6 || total
-------------------------+-------+-------++-------
Melee: Dagger            |   146 |   165 ||   311
       Unarmed           |     6 |    49 ||    55
       Tailslap          |    22 |    27 ||    49
       Punch             |       |     1 ||     1
  Use: Scroll            |     6 |       ||     6
       Potion            |       |     4 ||     4
 Stab: Sleeping          |     4 |       ||     4
  Eat: Chunk             |     2 |     2 ||     4
       Ration            |       |     1 ||     1
Armor: Skin              |    40 |    95 ||   135
Dodge: Dodged            |    95 |   120 ||   215
Block: Large shield      |       |    87 ||    87
